 Dungeon Crawl Stone Soup version 0.28-a0-580-ga2639ab843 (webtiles) character file.

Game seed: 104318845797953914

3674 jasper the Arsonist (level 9, 0/63 HPs)
             Began as a Demonspawn Cinder Acolyte on Oct 3, 2021.
             Was a High Priest of Ignis.
             Slain by a boulder beetle (62 damage)
             ... on level 8 of the Dungeon.
             The game lasted 00:12:13 (9826 turns).

jasper the Arsonist (Demonspawn Cinder Acolyte)     Turns: 9826, Time: 00:12:13

Health: 0/63       AC:  4    Str: 15    XL:     9   Next: 89%
Magic:  11/18      EV: 11    Int: 20    God:    Ignis [*****.]
Gold:   358        SH:  0    Dex: 16    Spells: 3/20 levels left

rFire   + + .      SeeInvis +   o - +3 rapier of a bazaar {spect, rF+ Int+2 Dex+7}
rCold   . . .      Faith    .   (no shield)
rNeg    . . .      Spirit   .   b - +1 robe
rPois   .          Reflect  .   (no helmet)
rElec   .          Harm     .   g - +0 cloak
rCorr   .          Rampage  .   (no gloves)
Will    +....                   (no boots)
Stlth   +.........              A - amulet of regeneration
HPRegen 1.20/turn               k - ring of see invisible
MPRegen 0.16/turn               w - ring of willpower

@: no status effects
A: talons 2, demonic guardian 1, sanguine armour 1, condensation shield
a: Renounce Religion, Sea of Fire, Foxfire Swarm, Rising Flame


You were on level 8 of the Dungeon.
You worshipped Ignis.
Ignis was extremely pleased with you.
You visited 1 branch of the dungeon, and saw 8 of its levels.

You collected 358 gold pieces.

Inventory:

Hand Weapons
 a - a -1 falchion of flaming
 c - a +0 trident
 f - a +2 arbalest of flaming
 n - a +0 long sword
 o - the +3 rapier of a bazaar (weapon) {spect, rF+ Int+2 Dex+7}
   (You acquired it on level 4 of the Dungeon)

   When its wielder attacks, the weapon's spirit leaps out and strikes again.
   The spirit shares a part of any damage it takes with its wielder.
   Int:       It affects your intelligence (+2).
   Dex:       It affects your dexterity (+7).
   rF:        It protects you from fire.
 E - a +1 scimitar of flaming
Missiles
 d - 51 bolts
 j - 6 javelins
 l - 157 stones
Armour
 b - a +1 robe (worn)
 g - a +0 cloak (worn)
 p - a +0 cloak
Magical Staves
 q - a staff of air
Jewellery
 k - a ring of see invisible (left hand)
 w - a ring of willpower (right hand)
 A - an amulet of regeneration (around neck)
Wands
 x - a wand of acid (19)
 F - a wand of paralysis (11)
Scrolls
 e - 3 scrolls of teleportation
 m - a scroll of noise
 r - a scroll of enchant armour
 t - a scroll of holy word {unknown}
 y - 2 scrolls of vulnerability {unknown}
 B - a scroll of identify
Potions
 h - a potion of haste
 i - 2 potions of brilliance
 s - 2 potions of curing
 u - a potion of resistance {unknown}
 v - a potion of invisibility {unknown}
 z - 2 potions of lignification {unknown}
 C - 4 potions of attraction {unknown}
 D - 2 potions of flight {unknown}


   Skills:
 - Level 3.0 Fighting
 - Level 2.6 Long Blades
 - Level 6.0 Spellcasting
 + Level 7.3 Conjurations
 + Level 9.8 Fire Magic


You had 3 spell levels left.
You knew the following spells:

 Your Spells              Type           Power      Damage    Failure   Level
a - Scorch                Fire           90%        2d10      1%          2
b - Conjure Flame         Conj/Fire      40%        6-21      1%          3
c - Sticky Flame          Conj/Fire      40%        2d6       3%          4
d - Iron Shot             Conj/Erth      10%        9d3       98%         6
e - Animate Skeleton      Necr           12%        N/A       11%         1
f - Apportation           Tloc           12%        N/A       11%         1

Your spell library contained the following spells:

 Spells                   Type           Power      Damage    Failure   Level
 Dazzling Flash           Conj/Hex       40%        N/A       7%          3
 Ignite Poison            Fire/Tmut/Pois 19%        N/A       9%          3
 Freeze                   Ice            24%        1d5       11%         1
 Summon Small Mammal      Summ           24%        N/A       11%         1
 Frozen Ramparts          Ice            12%        1d3       30%         3
 Iskenderun's Battlesphe  Conj           35%        2d9       14%         5
 Hailstorm                Conj/Ice       20%        3d6       22%         4
 Agony                    Necr           6%         N/A       96%         5
 Silence                  Hex/Air        3%         N/A       96%         5
 Spellforged Servitor     Conj/Summ      10%        N/A       100%        7


Dungeon Overview and Level Annotations

Branches:
Dungeon (8/15)             Temple (0/1) D:4
   Lair: D:8-11

Altars:
Dithmenos
Hepliaklqana
Qazlal
Uskayaw
Xom
Yredelemnul

Annotations:
D:7 1 runed translucent door, RandomusNamus's ghost, novice SpCj


Innate Abilities, Weirdness & Mutations

You have razor-sharp toenails.
A weak demonic guardian rushes to your aid.
When seriously injured, your bleeding wounds create armour. (AC +0)
A meltable shield of frost defends you. (SH +0)


Message History

You now have 16/18 mp.
Casting: Scorch (safe; 1% risk of failure)
Press: ? - help, Q - select action, (/) - cycle Dir - look around, f - activate Flames lash the orc wizard.
The orc wizard is burned terribly!
You kill the orc wizard!
You hear an angry hiss.
You now have 14/18 mp.
An orc comes into view.
It is wielding a +0 hand axe and carrying a wand of flame (14).
You regained 2 mp, and now have 16/18 mp.
An orc is nearby!
Casting: Scorch (safe; 1% risk of failure)
Press: ? - help, Q - select action, (/) - cycle Dir - look around, f - activate Flames lash the orc.
You kill the orc!
You hear an angry hiss.
A boulder beetle comes into view.
You now have 14/18 mp.
Casting: Scorch (safe; 1% risk of failure)
Press: ? - help, Q - select action, (/) - cycle Dir - look around, f - activate Flames lash the boulder beetle but do no damage.
You hear a bellow!
The boulder beetle curls into a ball and begins rolling!
You now have 13/18 mp.
A steam dragon comes into view.
The steam dragon hisses angrily.
Casting: Scorch (safe; 1% risk of failure)
Press: ? - help, Q - select action, (/) - cycle Dir - look around, f - activate Flames lash the boulder beetle but do no damage.
You hear an angry hiss.
A wyvern comes into view.
The steam dragon breathes steam at you. The ball of steam hits you.
Your condensation shield dissipates!
You resist.
The wyvern moves out of view.
You hear a loud, deep croak!
You hear a croak.
You take 2 damage, and have 61/63 hp.
You now have 11/18 mp.
The boulder beetle is engulfed in a cloud of scalding steam.
The boulder beetle hits you!!!
Ouch! That really hurt!
You die...

#...#..#
#....#..#
#.##.#..#
.#.......#
....####.#######
. #.####........
#.......######
#..##.§.#####
##..#@§......
#..B..#####
##.○...# #§°..##
#°#......
D.#.##### l#.#.#
.#(#+# . #..


You could see a boulder beetle (rolling) and a steam dragon (catching breath).

Vanquished Creatures
  Erica (D:8)
  A manticore (D:6)
  Grinder (D:6)
  Sigmund (D:4)
  3 yaks (D:7)
  A steam dragon (D:7)
  2 sky beasts
  A black bear (D:5)
  An ice beast (D:4)
  A necrophage (D:6)
  2 centaurs
  A bullfrog (D:7)
  A wyvern skeleton (D:6)
  6 wights
  2 bullfrog zombies
  2 jellies
  A centaur zombie (D:7)
  4 hounds
  2 orc priests
  Crazy Yiuf (D:3)
  2 iguanas (D:4)
  Natasha (twice) (D:3)
  4 orc wizards
  2 hound skeletons (D:4)
  A howler monkey skeleton (D:7)
  A gnoll (D:1)
  9 adders
  A white imp (D:7)
  3 worms
  3 dart slugs
  16 orcs
  10 ball pythons
  8 endoplasms
  A giant cockroach (D:3)
  7 goblins
  2 hobgoblins
  5 jackals
  11 kobolds
  4 quokkas
  6 bats
  5 rats
138 creatures vanquished.

Vanquished Creatures (others)
  32 foxfires (D:1)
  4 fungi (D:3)
36 creatures vanquished.

Grand Total: 174 creatures vanquished

Notes
Turn   | Place    | Note
-------+----------+-------------------------------------------
     0 | D:1      | jasper the Demonspawn Cinder Acolyte began the quest for
                  | the Orb.
     0 | D:1      | Reached XP level 1. HP: 18/18 MP: 2/2
    75 | D:1      | Reached skill level 3 in Fire Magic
   303 | D:1      | Gained mutation: A meltable shield of frost defends you.
                  | (SH +0) [demonic ancestry]
   303 | D:1      | Reached XP level 2. HP: 12/24 MP: 3/3
   450 | D:1      | Learned a level 2 spell: Scorch
   861 | D:1      | Gained mutation: You have sharp toenails. [demonic
                  | ancestry]
   861 | D:1      | Reached XP level 3. HP: 28/29 MP: 2/5
  1149 | D:1      | Identified a scroll of acquirement
  1153 | D:1      | Acquired an Everburning Encyclopedia
  1159 | D:1      | Learned a level 3 spell: Conjure Flame
  1689 | D:2      | Reached skill level 4 in Fire Magic
  1689 | D:2      | Reached XP level 4. HP: 27/35 MP: 0/7
  2239 | D:3      | Found a shadowy altar of Dithmenos.
  2710 | D:3      | Found a faded altar of an unknown god.
  2764 | D:3      | Noticed Natasha
  2771 | D:3      | Killed Natasha
  2785 | D:3      | Noticed Natasha
  3450 | D:3      | Gained mutation: A weak demonic guardian rushes to your
                  | aid. [demonic ancestry]
  3450 | D:3      | Reached XP level 5. HP: 34/41 MP: 0/9
  3456 | D:3      | Learned a level 4 spell: Sticky Flame
  3756 | D:3      | Found a stormy altar of Qazlal.
  4042 | D:3      | Found a runed translucent door.
  4043 | D:3      | Noticed Crazy Yiuf
  4048 | D:3      | Killed Crazy Yiuf
  4600 | D:3      | Killed Natasha
  4601 | D:3      | Reached skill level 5 in Fire Magic
  4601 | D:3      | Gained mutation: When seriously injured, your bleeding
                  | wounds create armour. (AC +0) [demonic ancestry]
  4601 | D:3      | Reached XP level 6. HP: 39/47 MP: 2/11
  4699 | D:4      | Noticed Sigmund
  4704 | D:4      | Killed Sigmund
  4705 | D:4      | Acquired the +3 rapier of a bazaar {spect, rF+ Int+2 Dex+7}
  4757 | D:4      | Found a faded altar of an unknown god.
  4758 | D:4      | Found a hazy altar of Hepliaklqana.
  4880 | D:4      | Noticed an ice beast
  4887 | D:4      | Killed an ice beast
  4888 | D:4      | Reached XP level 7. HP: 52/52 MP: 4/13
  4895 | D:4      | Learned a level 6 spell: Iron Shot
  4978 | D:4      | Found a shimmering altar of Xom.
  5437 | D:4      | Found a basalt altar of Yredelemnul.
  5618 | D:4      | Found a staircase to the Ecumenical Temple.
  5628 | D:4      | Reached skill level 6 in Fire Magic
  5980 | D:5      | Entered Level 5 of the Dungeon
  6042 | D:5      | Reached skill level 5 in Spellcasting
  6393 | D:5      | Identified the +4 flail "Ulaluev" {antimagic, rF+ rN+
                  | Dex+3}
  6856 | D:5      | Reached XP level 8. HP: 52/58 MP: 9/16
  7216 | D:6      | Reached skill level 7 in Fire Magic
  7239 | D:5      | Reached skill level 1 in Conjurations
  7940 | D:6      | Noticed a manticore
  7947 | D:6      | Killed a manticore
  7948 | D:6      | Reached skill level 8 in Fire Magic
  7948 | D:6      | Gained mutation: You have razor-sharp toenails. [demonic
                  | ancestry]
  7948 | D:6      | Reached XP level 9. HP: 35/63 MP: 4/18
  8268 | D:6      | Noticed Grinder
  8276 | D:6      | Paralysed by Grinder for 5 turns
  8281 | D:6      | Killed Grinder
  8282 | D:6      | Reached skill level 5 in Conjurations
  8631 | D:7      | Learned a level 1 spell: Animate Skeleton
  8633 | D:7      | Learned a level 1 spell: Apportation
  8678 | D:7      | Found a hide-covered altar of Uskayaw.
  8837 | D:7      | Reached skill level 9 in Fire Magic
  9189 | D:7      | Noticed RandomusNamus's ghost (novice SpCj)
  9230 | D:7      | Found a runed translucent door.
  9687 | D:8      | Noticed Erica
  9699 | D:8      | Killed Erica
  9822 | D:8      | Noticed a boulder beetle
  9826 | D:8      | Slain by a boulder beetle

Illustrated notes

Levels and vault maps discovered:
D:1:      lightli_iron_boxes, layout_basic
D:2:      layout_basic, kennysheep_generic_room_14
D:3:      minmay_octagon_keep, layout_loops_cross,
          nicolae_qazlal_eye_of_the_storm, nicolae_overflow_crystal_walls,
          serial_glass, glass_columns_a, glass_columns_a,
          dreamdust_ecumenical_altar_grove, roderic_lattice_a,
          minmay_misc_feat_chi, chequers_serial_rivers_large_b, minmay_bisected,
          uniq_natasha, uniq_crazy_yiuf_cottage
D:4:      layout_rooms, beargit_hepliaklqana_dungeon_heroes,
          mainiacjoe_overflow_chevrons, mainiacjoe_overflow_surrounded_room,
          minmay_temple_entry_stoned_glass, kennysheep_nondescript,
          bh_walls_and_bars
D:5:      layout_basic, chequers_decorated_corner, minmay_misc_feat_cross
D:6:      layout_cave_pools, minmay_misc_feat_tower, uniq_grinder
D:7:      layout_basic, eat_drink_and_be_merry_uskayaw,
          hellmonk_ghost_happy_afterlife
D:8:      minmay_the_grid_octo_tiled_octocenter [minmay_the_grid_octo_checkered,
          minmay_the_grid_octo_chip, minmay_the_grid_octo_focus,
          minmay_the_grid_octo_teeth, minmay_the_grid_octo_prize_star,
          minmay_the_grid_square_5x5_plus, minmay_the_grid_square_5x5_empty,
          minmay_the_grid_square_5x5_three, minmay_the_grid_square_5x5_shrine1],
          layout_loops_corners, uniq_erica

Skill      XL: |  1  2  3  4  5  6  7  8  9 |
---------------+----------------------------+-----
Fire Magic     | 3 4 5 6 8 9 |  9.8
Spellcasting   | 2 3 4 5 6 |  6.0
Conjurations   | 4 7 |  7.3
Fighting       | |  3.0
Long Blades    | |  2.6

Action                   |  1- 3 |  4- 6 |  7- 9 || total
-------------------------+-------+-------+-------++-------
Melee: Falchion          |    57 |    27 |       ||    84
       Kick              |     2 |     9 |     8 ||    19
       Rapier            |       |     4 |    27 ||    31
Throw: Javelin           |       |     2 |       ||     2
 Cast: Scorch            |    18 |    51 |   132 ||   201
       Sticky Flame      |       |       |     6 ||     6
Invok: Foxfire Swarm     |     2 |       |       ||     2
  Use: Scroll            |     3 |     1 |     7 ||    11
       Potion            |       |     1 |     1 ||     2
 Stab: Sleeping          |       |       |     1 ||     1
Armor: Robe              |    13 |    10 |    13 ||    36
Dodge: Dodged            |    39 |    19 |    50 ||   108
Block: Other             |     5 |     6 |    13 ||    24

Table legend: (Time is in decaauts)
 A = Elapsed time spent in this place.
 B = Non-inter-level travel time spent in this place.
 C = Inter-level travel time spent in this place.
 D = Time resting spent in this place.
 E = Time spent auto-exploring this place.
 F = Levels seen in this place.
 G = Mean time per level.
                   A        B        C        D        E       F      G
               +--------+--------+--------+--------+--------+-----+--------+
         Total |   9888 |   9518 |    370 |   1683 |   6757 |   8 | 1236.0 |
       Dungeon |   9888 |   9518 |    370 |   1683 |   6757 |   8 | 1236.0 |
               +--------+--------+--------+--------+--------+-----+--------+

Top non-repeatable levels by time:
     D:3: 2473 daAuts
     D:5: 1516 daAuts
     D:4: 1419 daAuts
     D:7: 1230 daAuts
     D:1: 1187 daAuts
     D:6: 964 daAuts
     D:2: 956 daAuts
     D:8: 139 daAuts
